 Dungeon Crawl Stone Soup version 0.28-a0-245-g639a1a48b9 (webtiles) character file.

Game seed: 10789159856678964469

74 SkeletonJelly the Slasher (level 4, 0/38 HPs)
             Began as a Draconian Monk on Aug 24, 2021.
             Was a Follower of Uskayaw.
             Slain by an orc warrior (12 damage)
             ... on level 3 of the Dungeon.
             The game lasted 00:04:31 (1939 turns).

SkeletonJelly the Slasher (Draconian Monk)          Turns: 1939, Time: 00:04:32

Health: 0/38       AC:  6    Str: 14    XL:     4   Next: 9%
Magic:  4/4        EV: 12    Int: 10    God:    Uskayaw [*.....]
Gold:   75         SH:  5    Dex: 14    Spells: 3/3 levels left

rFire   . . .      SeeInvis .   a - +0 falchion
rCold   . . .      Faith    .   (no shield)
rNeg    . . .      Spirit   .   (armour unavailable)
rPois   .          Reflect  +   (helmet restricted)
rElec   .          Harm     .   h - +0 cloak
rCorr   .          Rampage  .   (no gloves)
Will    .....                   (no boots)
Stlth   ++........              j - amulet of reflection
HPRegen 0.12/turn               (no ring)
MPRegen 0.09/turn               (no ring)

@: no status effects
A: AC +5, unfitting armour, cold-blooded
a: Renounce Religion, Stomp


You were on level 3 of the Dungeon.
You worshipped Uskayaw.
Uskayaw was noncommittal.
You visited 1 branch of the dungeon, and saw 3 of its levels.

You collected 75 gold pieces.

Inventory:

Hand Weapons
 a - a +0 falchion (weapon)
 d - a +1 dagger of venom
Missiles
 g - 5 atropa-tipped darts
 k - 10 poisoned darts (quivered)
Armour
 h - a +0 cloak (worn)
Jewellery
 e - an amulet of the acrobat
 j - an amulet of reflection (around neck)
Scrolls
 i - a scroll of fear {unknown}
Potions
 b - 4 potions of curing {unknown}
 c - a potion of lignification {unknown}
 f - 2 potions of degeneration {unknown}


   Skills:
 - Level 3.2 Fighting
 * Level 5.0 Long Blades
 - Level 2.6 Dodging
 - Level 1.7 Stealth
 + Level 0.2 Invocations


You had 3 spell levels left.
You didn't know any spells.
Your spell library contained the following spells:

 Spells                   Type           Power      Damage    Failure   Level
 Magic Dart               Conj           0%         1d3       36%         1
 Call Imp                 Summ           0%         N/A       50%         2
 Corpse Rot               Necr/Air       N/A        N/A       50%         2
 Mephitic Cloud           Conj/Pois/Air  0%         N/A       75%         3
 Stone Arrow              Conj/Erth      0%         3d7       75%         3
 Dispel Undead            Necr           0%         3d6       98%         4
 Bolt of Magma            Conj/Fire/Erth 0%         4d4       100%        5
 Death Channel            Necr           0%         N/A       100%        6
 Shatter                  Erth           0%         3d5*      100%        9


Dungeon Overview and Level Annotations

Branches:
Dungeon (3/15)

Altars:
Uskayaw


Innate Abilities, Weirdness & Mutations

Your plain brown scales are hard. (AC +5)
You cannot fit into any form of body armour.
You are cold-blooded and may be slowed by cold attacks.


Message History

You hit the quokka.
You kill the quokka!
The quokka twitches its whiskers.
You see here a quokka corpse.
You miss the quokka. The quokka closely misses you.
You slash the quokka!
You kill the quokka!
You have reached level 4!
You feel agile.
Health restored: 38; MP restored: 4
Found 30 stones.
Key pressed, stopping explore.
Key pressed, stopping explore.
Found 10 poisoned darts.
Found 12 arrows.
You see here 10 poisoned darts.
k - 10 poisoned darts
Okay, then.
Unknown command.
A dart slug comes into view.
A dart slug is nearby!
A dart slug is nearby!
A dart slug is nearby!
A dart slug is nearby!
The helpless dart slug fails to defend itself.
You hit the dart slug.
The dart slug is severely wounded.
You hit the dart slug.
The dart slug is almost dead.
The dart slug barely misses you.
You hit the dart slug.
You kill the dart slug!
No target in view!
No target in view!
No target in view!
No target in view!
Key pressed, stopping explore.
An orc comes into view. It is wielding a +0 hand axe.
A ball python comes into view.
The orc wizard shouts!
The ball python hisses angrily.
You hear a shout!
An orc wizard comes into view. It is wielding a +0 dagger.
The orc wizard shouts!
You block the orc's attack.
The orc wizard casts a spell.
The orc wizard flickers and vanishes!
Deactivating autopickup; reactivate with Ctrl-A.
You closely miss the orc. The orc hits you but does no damage.
The orc shouts!
You hit the orc but do no damage.
You hear a shout!
The ball python completely misses you. x2
An orc warrior comes into view. It is wielding a +0 battleaxe.
You hit the orc.
Your tail-slap misses the orc.
The orc is severely wounded.
You block the ball python's attack. The ball python misses you.
The orc hits you with a +0 hand axe. You block the kobold's attack.
You take 1 damage, and have 37/38 hp.
The orc wizard hits you with a +0 dagger.
The kobold barely misses you.
You take 3 damage, and have 34/38 hp.
There is an open door here.
The orc wizard gestures wildly while chanting.
The orc wizard flickers and vanishes!
You block the ball python's attack. The ball python completely misses you.
There is an open door here.
You closely miss the ball python. The ball python closely misses you.
You riposte.
You barely miss the ball python. You tail-slap the ball python.
The ball python is severely wounded.
The ball python grabs you. The ball python constricts you.
You hit the ball python.
You kill the ball python!
The orc hits you but does no damage.
The kobold throws a stone.
You barely miss the orc. You tail-slap the orc.
You kill the orc!
Something hits you.
Your Long Blades skill increases to level 5!
You take 1 damage, and have 34/38 hp.
The orc warrior misses you.
You riposte.
You closely miss the orc warrior.
You tail-slap the orc warrior, but do no damage.
Things that are here:
a +0 hand axe; a +0 leather armour You barely miss the orc warrior.
Something hits you.
The orc warrior hits you with a +0 battleaxe.
You take 3 damage, and have 31/38 hp.
You hit the orc warrior but do no damage.
You hear some strange, mumbled words.
A puff of flame appears from out of thin air!
The puff of flame misses you. The orc warrior completely misses you.
You closely miss the orc warrior. Something hits you but does no damage.
The orc warrior hits you but does no damage.
You hit the orc warrior but do no damage.
The kobold hits you but does no damage. Something hits you but does no damage.
The orc warrior hits you with a +0 battleaxe!
The kobold hits you but does no damage.
You closely miss the orc warrior.
You hear some strange, mumbled words.
A puff of flame appears from out of thin air!
The puff of flame hits you!
The orc warrior hits you with a +0 battleaxe!
You die...

......# #.# #..# ...
....(.######.# #..# ...
......#......# #.?# ..#
......#.###..###..###..##
.................>......##
......#.##...............#
......#.##.........<...#
......#.##.....o.......#
...####.####'###@........#
....# #.# #.###{K......##
....# #.# #...'.......##
....# #.# #####.......#
....# +........ ....###
#......... ......#
######... ....#.# ###
..#.#.#


You could see an orc warrior and a kobold.

Vanquished Creatures
  2 adders (D:2)
  3 dart slugs
  2 orcs
  4 bats (D:1)
  3 endoplasms
  2 giant cockroaches
  6 goblins (D:1)
  3 hobgoblins
  4 jackals (D:2)
  4 quokkas
  4 ball pythons
  2 frilled lizards (D:1)
  A kobold (D:1)
  2 rats
42 creatures vanquished.

Notes
Turn   | Place    | Note
-------+----------+-------------------------------------------
     0 | D:1      | SkeletonJelly the Draconian Monk began the quest for the
                  | Orb.
     0 | D:1      | Reached XP level 1. HP: 19/19 MP: 1/1
   214 | D:1      | Reached XP level 2. HP: 17/26 MP: 2/2
   658 | D:1      | Reached skill level 4 in Long Blades
  1028 | D:2      | Reached XP level 3. HP: 25/31 MP: 3/3
  1413 | D:2      | Found a faded altar of an unknown god.
  1428 | D:2      | Became a worshipper of Uskayaw the Reveller
  1428 | D:2      | Reached * piety under Uskayaw
  1428 | D:2      | Reached ** piety under Uskayaw
  1798 | D:3      | Reached XP level 4. HP: 38/38 MP: 4/4
  1922 | D:3      | Noticed an orc warrior
  1934 | D:3      | Reached skill level 5 in Long Blades
  1939 | D:3      | Slain by an orc warrior

Illustrated notes

Levels and vault maps discovered:
D:1:      lightli_arrival_quake, layout_loops_ring, grunt_decor_resistance,
          minmay_pentomino_o2
D:2:      layout_loops_cross, ebering_ecumenical_altar_sacrificial,
          dk_vineyard_3
D:3:      cheibrodos_helix_gallery, layout_basic, palyth_stone_intersect,
          st_stairs_7, minmay_misc_feat_square, uniq_jessica,
          uniq_crazy_yiuf_cottage

Skill      XL: |  1  2  3  4 |
---------------+-------------+-----
Long Blades    | 4 5 |  5.0
Fighting       | |  3.2
Dodging        | |  2.6
Stealth        | |  1.7
Invocations    | |  0.2

Action                   |  1- 3 |  4- 6 || total
-------------------------+-------+-------++-------
Melee: Falchion          |   115 |    14 ||   129
       Tailslap          |    13 |     3 ||    16
 Stab: Sleeping          |     6 |     1 ||     7
Armor: Skin              |    42 |     7 ||    49
Dodge: Dodged            |    95 |    10 ||   105
Block: Other             |       |     4 ||     4
       Rpst.: Falchion   |    26 |     2 ||    28

Table legend: (Time is in decaauts)
 A = Elapsed time spent in this place.
 B = Non-inter-level travel time spent in this place.
 C = Inter-level travel time spent in this place.
 D = Time resting spent in this place.
 E = Time spent auto-exploring this place.
 F = Levels seen in this place.
 G = Mean time per level.
                   A        B        C        D        E       F      G
               +--------+--------+--------+--------+--------+-----+--------+
         Total |   1952 |   1914 |     38 |      0 |   1537 |   3 |  650.7 |
       Dungeon |   1952 |   1914 |     38 |      0 |   1537 |   3 |  650.7 |
               +--------+--------+--------+--------+--------+-----+--------+

Top non-repeatable levels by time:
     D:1: 1016 daAuts
     D:2: 780 daAuts
     D:3: 156 daAuts
